 Dungeon Crawl Stone Soup version 0.28-a0-816-gb054d885db (webtiles) character file.

Game seed: 2205039296141965683

939 Leeroy the Grappler (level 7, -5/52 HPs)
             Began as a White Draconian Transmuter on Nov 8, 2021.
             Slain by a mummy (15 damage)
             ... in an ossuary.
             The game lasted 00:10:14 (4221 turns).

Leeroy the Grappler (White Draconian Transmuter)    Turns: 4221, Time: 00:10:15

Health: -5/52      AC: 12    Str: 18    XL:     7   Next: 87%
Magic:  9/10       EV: 12    Int: 16    God:
Gold:   244        SH:  0    Dex: 11    Spells: 2/10 levels left

rFire   . . .      SeeInvis .     - Unarmed
rCold   + . .      Faith    .   (no shield)
rNeg    . . .      Spirit   .   (armour unavailable)
rPois   .          Reflect  .   (helmet restricted)
rElec   .          Harm     .   (no cloak)
rCorr   .          Rampage  .   d - +0 pair of gloves
Will    +....                   y - +0 pair of boots
Stlth   +.........              (no amulet)
HPRegen 0.17/turn               k - +6 ring of strength
MPRegen 0.12/turn               z - +4 ring of protection

@: brilliant, short of breath, studying Throwing
A: breathe frost, AC +6, unfitting armour, cold resistance 1, cold-blooded,
strong-willed 1, passive freeze
a: Breathe Frost


You were in an ossuary.
You visited 1 branch of the dungeon, and saw 5 of its levels.
You also visited: Ossuary.

You collected 244 gold pieces.

Inventory:

Hand Weapons
 p - a +1 mace of protection
 w - a +2 dagger of draining
Missiles
 r - 8 poisoned darts
 s - 5 javelins
Armour
 d - a +0 pair of gloves (worn)
 y - a +0 pair of boots (worn)
Jewellery
 k - a +6 ring of strength (left hand)
 l - a +6 ring of strength
 n - a ring of magical power
 z - a +4 ring of protection (right hand)
Scrolls
 c - a scroll of noise {unknown}
 e - a scroll of blinking {unknown}
 f - a scroll of vulnerability {unknown}
 g - 3 scrolls of magic mapping
 q - a scroll of teleportation {unknown}
 u - a scroll of amnesia {unknown}
 v - a scroll of enchant armour {unknown}
Potions
 a - 2 potions of degeneration
 i - a potion of lignification {unknown}
 j - 2 potions of attraction
 o - a potion of magic {unknown}
 t - a potion of flight {unknown}


   Skills:
 - Level 1.1 Fighting
 - Level 1.7 Dodging
 + Level 9.6 Unarmed Combat
 - Level 2.0 Spellcasting
 - Level 2.0 Transmutations
 - Level 0.2 Poison Magic


You had 2 spell levels left.
You knew the following spells:

 Your Spells              Type           Power      Damage    Failure   Level
a - Beastly Appendage     Tmut           24%        N/A       9%          1
b - Wereblood             Tmut           12%        N/A       14%         2
c - Spider Form           Tmut/Pois      7%         N/A       36%         3
d - Passwall              Tmut/Erth      5%         N/A       21%         2

Your spell library contained the following spells:

 Spells                   Type           Power      Damage    Failure   Level
 Sandblast                Erth           4%         2d4       21%         1
 Ensorcelled Hibernation  Hex/Ice        4%         N/A       30%         2
 Stone Arrow              Conj/Erth      4%         3d7       52%         3
 Tukima's Dance           Hex            2%         N/A       52%         3
 Ice Form                 Ice/Tmut       7%         N/A       80%         4


Dungeon Overview and Level Annotations

Branches:
Dungeon (5/15)            Ossuary (1/1)
 Temple: D:4-7

Altars:
Uskayaw

Shops:
D:2 [   D:3 :   D:4 *!=*   D:5 [


Innate Abilities, Weirdness & Mutations

You can breathe waves of freezing cold which knock back foes.
Your icy white scales are hard. (AC +6)
You cannot fit into any form of body armour.
Your flesh is cold resistant. (rC+)
You are cold-blooded and may be slowed by cold attacks.
You are strong-willed. (Will+)
A frigid envelope surrounds you and freezes all who hurt you.


Message History

a - 2 potions of degeneration Your primal bloodlust is almost over.
A mummy opens the door.
Okay, then.
You close the door.
Your horns disappear.
Your talons disappear.
Your +0 pair of boots unmelds from your body.
There's nothing to close nearby.
There's nothing to close nearby.
There's nothing to close nearby.
There's nothing to close nearby.
There's nothing to close nearby.
There's nothing to close nearby.
There's nothing to close nearby.
There's nothing to close nearby.
There's nothing to close nearby.
There's nothing to close nearby.
As you read the scroll of identify, it crumbles to dust.
j - 2 potions of attraction A mummy breaks down the door.
Okay, then.
It was a potion of brilliance.
You feel clever all of a sudden.
It was a potion of curing.
You feel better.
It was a potion of mutation.
You feel extremely strange.
Your skin feels very cold.
You feel strong-willed.
Press: ? - help, Shift-Dir - straight line, f - mummy
Aim: a mummy You exhale a wave of freezing cold.
The freezing breath hits the mummy.
The mummy resists.
The mummy is heavily damaged.
The mummy is blown backwards by the freezing wind.
The mummy collides with the mummy!
The freezing breath hits the mummy.
The mummy resists.
The mummy is lightly damaged.
The mummy is blown backwards by the freezing wind.
You howl as the wereblood boils in your veins!
Your primal bloodlust has ended.
The mummy hits you!
You die...

##......
##......#### ...
#......##..## .....
#..M..##....##.....
#..................
#...M............
#M..MM.........#
#M##........#
#@M##......##
#....##....##
#......#....#
#$......#....#
#$!!....#....#
#$$.....#....#
##$.....#....#
#$$!..##....#
#....#


You could see 5 mummies.

Vanquished Creatures
  Sigmund (D:2)
  A water moccasin (D:5)
  A necrophage (D:4)
  An ogre (D:5)
  A bullfrog (D:4)
  A scorpion (D:5)
  2 bullfrog zombies (D:5)
  A hound (D:4)
  A centaur skeleton (D:4)
  2 iguanas (D:5)
  A scorpion zombie (D:4)
  Natasha (twice) (D:4)
  2 mummies (Ossuary)
  3 gnolls (D:3)
  3 adders
  2 worms (D:3)
  2 dart slugs (D:3)
  3 orcs
  3 ball pythons
  2 endoplasms
  A giant cockroach (D:4)
  5 goblins
  6 hobgoblins
  8 kobolds
  3 quokkas
  5 bats
  2 frilled lizards (D:2)
  A gnoll zombie (Ossuary)
  3 hobgoblin zombies (Ossuary)
  2 kobold zombies (Ossuary)
  2 orc zombies (Ossuary)
  4 rats
77 creatures vanquished.

Notes
Turn   | Place    | Note
-------+----------+-------------------------------------------
     0 | D:1      | Leeroy the Draconian Transmuter began the quest for the
                  | Orb.
     0 | D:1      | Reached XP level 1. HP: 16/16 MP: 3/3
   165 | D:1      | Found a faded altar of an unknown god.
   736 | D:1      | You fall into a shaft and drop 1 floor!
   742 | D:2      | Found Lorghaym's Antique Armour Boutique.
   746 | D:2      | Reached XP level 2. HP: 23/23 MP: 3/5
   749 | D:2      | Learned a level 2 spell: Wereblood
   964 | D:2      | Reached skill level 4 in Unarmed Combat
  1134 | D:2      | Noticed Sigmund
  1358 | D:1      | Reached XP level 3. HP: 28/28 MP: 4/6
  1553 | D:1      | Learned a level 3 spell: Spider Form
  1590 | D:2      | Killed Sigmund
  1591 | D:2      | Reached skill level 6 in Unarmed Combat
  1591 | D:2      | Reached XP level 4. HP: 20/35 MP: 0/7
  1591 | D:2      | Reached XP level 5. HP: 22/40 MP: 0/8
  2198 | D:3      | Noticed an orc warrior
  2521 | D:2      | Learned a level 2 spell: Passwall
  2636 | D:3      | Found Lupniass's Book Shoppe.
  3093 | D:4      | Noticed a necrophage
  3107 | D:4      | Reached XP level 6. HP: 47/47 MP: 6/9
  3118 | D:4      | Reached skill level 7 in Unarmed Combat
  3157 | D:4      | Found Plog's General Store.
  3174 | D:4      | Found Erhickib's Distillery.
  3223 | D:4      | Found Feusch's General Store.
  3633 | D:4      | Noticed Natasha
  3642 | D:4      | Killed Natasha
  3643 | D:4      | Reached skill level 8 in Unarmed Combat
  3643 | D:4      | Your scales start taking on an icy white colour.
  3643 | D:4      | Reached XP level 7. HP: 44/52 MP: 8/10
  3643 | D:4      | Gained mutation: Your flesh is cold resistant. (rC+) [White
                  | Draconian growth]
  3749 | D:4      | Found Iqaufed's Jewellery Emporium.
  3804 | D:4      | Noticed Natasha
  3812 | D:4      | Killed Natasha
  3878 | D:5      | Entered Level 5 of the Dungeon
  3878 | D:5      | Found Qeasim's Armour Emporium.
  3954 | D:5      | Reached skill level 9 in Unarmed Combat
  3986 | D:5      | Found a hide-covered altar of Uskayaw.
  4014 | D:5      | Found a sand-covered staircase.
  4163 | Ossuary  | Entered an ossuary
  4220 | Ossuary  | Gained mutation: A frigid envelope surrounds you and
                  | freezes all who hurt you. [potion of mutation]
  4220 | Ossuary  | Gained mutation: You are strong-willed. (Will+) [potion of
                  | mutation]
  4221 | Ossuary  | Slain by a mummy

Illustrated notes

Levels and vault maps discovered:
D:1:      lightli_arrival_noodles, layout_loops_corners,
          ebering_ecumenical_altar_abandoned
D:2:      layout_loops_cross, serial_shops, nicolae_shop_stone, minivault_25,
          uniq_sigmund
D:3:      layout_loops_cross, serial_shops, shop
D:4:      layout_basic, serial_shops, nicolae_lakefront_shop, shop,
          nicolae_shop_stone, shop_statue, minmay_liquid_box,
          minmay_manual_mess, uniq_natasha
D:5:      layout_loops_ring, nicolae_overflow_crystal_walls,
          mainiacjoe_overflow_surrounded_room, serial_shops, shop,
          enter_ossuary_1
Ossuary:  ossuary_tomb_3

Skill      XL: |  1  2  3  4  5  6  7 |
---------------+----------------------+-----
Unarmed Combat | 4 6 8 9 |  9.6
Fighting       | |  1.1
Dodging        | |  1.7
Spellcasting   | |  2.0
Transmutations | |  2.0
Poison Magic   | |  0.2

Action                   |  1- 3 |  4- 6 |  7- 9 || total
-------------------------+-------+-------+-------++-------
Melee: Unarmed           |    46 |   109 |    57 ||   212
       Kick              |     9 |    23 |    12 ||    44
       Tailslap          |     7 |     9 |    10 ||    26
       Headbutt          |     3 |     9 |     9 ||    21
       Punch             |       |     2 |     3 ||     5
 Cast: Beastly Appendage |    20 |    19 |     9 ||    48
       Spider Form       |     1 |     1 |       ||     2
       Wereblood         |       |       |     3 ||     3
 Abil: Breathe Frost     |       |       |     2 ||     2
  Use: Scroll            |       |     1 |     3 ||     4
       Potion            |       |       |     3 ||     3
 Stab: Sleeping          |     1 |     2 |       ||     3
Armor: Skin              |     5 |    30 |    19 ||    54
Dodge: Dodged            |    33 |    55 |    40 ||   128

Table legend: (Time is in decaauts)
 A = Elapsed time spent in this place.
 B = Non-inter-level travel time spent in this place.
 C = Inter-level travel time spent in this place.
 D = Time resting spent in this place.
 E = Time spent auto-exploring this place.
 F = Levels seen in this place.
 G = Mean time per level.
                   A        B        C        D        E       F      G
               +--------+--------+--------+--------+--------+-----+--------+
         Total |   4194 |   4051 |    143 |    381 |   2932 |   6 |  699.0 |
       Dungeon |   4140 |   3997 |    143 |    381 |   2931 |   5 |  828.0 |
       Ossuary |     53 |     53 |      0 |      0 |      1 |   1 |   53.0 |
               +--------+--------+--------+--------+--------+-----+--------+

Top non-repeatable levels by time:
     D:2: 1177 daAuts
     D:1: 1151 daAuts
     D:4: 777 daAuts
     D:3: 755 daAuts
     D:5: 278 daAuts
 Ossuary: 53 daAuts
